 Dungeon Crawl Stone Soup version 0.27-a0-1090-gb115f176c6 (webtiles) character file.

Game seed: 2988116161073545883

2624 karrick the Thaumaturge (level 9, -8/59 HPs)
             Began as a Djinni Fire Elementalist on Apr 27, 2021.
             Was an Elder of Okawaru.
             Mangled by Crazy Yiuf
             ... wielding a +2 quarterstaff of chaos
              (12 damage)
             ... on level 5 of the Dungeon.
             The game lasted 00:17:52 (9806 turns).

karrick the Thaumaturge (Djinni Fire Elementalist)  Turns: 9806, Time: 00:17:53

Health: -8/59      AC:  3    Str: 10    XL:     9   Next: 60%
Gold:   346        EV: 14    Int: 18    God:    Okawaru [****..] SH:  0 Dex: 13

rFire    + + +     SeeInvis .   f - +2 dagger (vamp)
rCold    x . .     Faith    .   (no shield)
rNeg     . . .     Spirit   .   a - +0 robe
rPois    ∞         Reflect  .   h - +0 helmet
rElec    .         Harm     .   (no cloak)
rCorr    .         Rampage  .   (no gloves)
Will     .....                  (boots unavailable)
Stlth    +.........             (no amulet)
HPRegen  0.19/turn              i - ring of protection from fire
MPRegen  0.00/turn              (no ring)

@: confused, flying
A: fire resistance 2, cold vulnerability 1, float, innate caster, hp casting,
extra vitality 1
a: Renounce Religion, Heroism


You were on level 5 of the Dungeon.
You worshipped Okawaru.
Okawaru was greatly pleased with you.
You visited 2 branches of the dungeon, and saw 7 of its levels.

You collected 346 gold pieces.

Inventory:

Hand Weapons
 f - a +2 vampiric dagger (weapon)
 o - a +1 falchion of flaming
Missiles
 l - 4 atropa-tipped darts
Armour
 a - a +0 robe (worn)
 h - a +0 helmet (worn)
Jewellery
 i - a ring of protection from fire (left hand)
 w - a +4 ring of evasion
Wands
 v - a wand of acid (5)
 y - a wand of flame (18)
Scrolls
 b - 4 scrolls of teleportation
 g - 2 scrolls of identify
 k - a scroll of noise {unknown}
 m - 2 scrolls of fog {unknown}
 p - 4 scrolls of magic mapping {unknown}
 q - a scroll of vulnerability {unknown}
 t - 2 scrolls of enchant weapon {unknown}
Potions
 c - a potion of heal wounds {unknown}
 d - a potion of curing
 e - 2 potions of mutation {unknown}
 j - 3 potions of brilliance {unknown}
 n - a potion of flight {unknown}
 r - 2 potions of might {unknown}
 s - a potion of haste
 u - 2 potions of attraction {unknown}
 x - a potion of ambrosia {unknown}


   Skills:
 + Level 2.7 Fighting
 + Level 2.4 Short Blades
 + Level 5.4 Dodging
 + Level 4.4 Stealth
 + Level 9.0 Spellcasting


You had one spell level left.
You knew the following spells:

 Your Spells              Type           Power      Damage    Failure   Level
a - Foxfire               Conj/Fire      100%       2x1d9     1%          1
b - Conjure Flame         Conj/Fire      40%        6-21      1%          3
c - Inner Flame           Hex/Fire       40%        N/A       1%          3
d - Sticky Flame          Conj/Fire      40%        2d6       2%          4
e - Fireball              Conj/Fire      20%        3d10      6%          5
f - Apportation           Tloc           80%        N/A       1%          1
g - Slow                  Hex            40%        N/A       1%          2
h - Ignite Poison         Fire/Tmut/Pois 40%        N/A       1%          3
i - Portal Projectile     Hex/Tloc       80%        N/A       1%          3
Your spell library was empty.

Dungeon Overview and Level Annotations

Branches:
Dungeon (6/15)             Temple (1/1) D:4

Altars:
Ashenzari
Cheibriados
Elyvilon
Fedhas
Gozag
Hepliaklqana
Okawaru
Ru
Sif Muna
Trog
Uskayaw
Vehumet
Xom
Yredelemnul
Zin
The Shining One

Annotations:
D:5 Crazy Yiuf, Pikel
D:6 Duvessa


Innate Abilities, Weirdness & Mutations

You are immune to poison.
Your flesh is very heat resistant. (rF++)
You are vulnerable to cold. (rC-)
You float through the air rather than walking.
You learn spells naturally, not from books.
Your magical power is your life essence.
You have superior vitality. (+4 HP)


Message History

The adder skeleton is severely damaged.
Casting: Foxfire (safe; 1% risk of failure)
Confirm with . or Enter, or press ? or * to list all spells.
You conjure some foxfire!
The adder skeleton barely misses you.
You hit the adder skeleton.
The adder skeleton is almost destroyed.
The foxfire hits the adder skeleton!
You destroy the adder skeleton!
Okawaru accepts your kill.
Your foxfire dissipates!
You reach down and open the door.
Casting: Foxfire (safe; 1% risk of failure)
Confirm with . or Enter, or press ? or * to list all spells.
Aiming: Fireball (dangerous; 6% risk of failure)
Press: ? - help, Shift-Dir - straight line, f - Crazy Yiuf
Aim: Crazy Yiuf, wielding a +2 quarterstaff of chaos and wearing a +0 cloak (wandering, hasn't noticed you)
The fireball explodes!
The fireball engulfs Crazy Yiuf!
Crazy Yiuf is severely wounded.
Crazy Yiuf says, "Hack verde water!"
Crazy Yiuf drinks a potion.
Crazy Yiuf goes berserk!
Casting: Fireball (dangerous; 6% risk of failure)
Confirm with . or Enter, or press ? or * to list all spells.
You conjure some foxfire!
The foxfire hits Crazy Yiuf.
Crazy Yiuf is almost dead.
You barely miss Crazy Yiuf.
Crazy Yiuf is almost dead.
Crazy Yiuf hits you with a +2 quarterstaff of chaos!
You are confused.
You miss your foxfire.
Crazy Yiuf hits you with a +2 quarterstaff of chaos!
You closely miss Crazy Yiuf.
Crazy Yiuf is almost dead.
Crazy Yiuf misses you.
Unknown command.
You bump into the tree.
Crazy Yiuf hits you with a +2 quarterstaff of chaos.
You are electrocuted!
* * * LOW HITPOINT WARNING * * *
Crazy Yiuf hits you with a +2 quarterstaff of chaos!
You die...

##..####....####......#
#..# #....# ######.#
#####..## ♣....♣ #.#
#.....>.# ♣...♣♣ #.#
#.......# ♣♣.♣♣ #####.#
#.......# ♣.♣♣
#...#.##### #.......#
♣♣.♣ #.#.#.#....
#.......# ♣v♣♣
#.#.#.#.### #.......#
♣♣@♣ #.#........
######### #g#
##.#...#.### ...
#.<.......## #...#
#####.....## #..)#
#........... #####
#########.##
#...........
##############.##
#..............#


You could see Crazy Yiuf (berserk, ally target).

Vanquished Creatures
  A kobold demonologist (D:5)
  A shadow (D:6)
  Sigmund (D:6)
  Eustachio (D:6)
  Menkaure (D:5)
  2 ogres (D:4)
  3 lemures (D:5)
  2 centaurs
  A kobold brigand (D:5)
  2 bullfrogs (D:6)
  3 scorpions
  A wyvern zombie (D:6)
  A water moccasin zombie (D:5)
  A water moccasin skeleton (D:5)
  2 bullfrog zombies
  3 hounds
  2 jellies (D:5)
  6 orc priests
  A gnoll shaman (D:5)
  3 iguanas
  5 orc wizards
  Natasha (D:3)
  Terence (D:2)
  A hound skeleton (D:4)
  A hound zombie (D:5)
  6 adders
  3 gnolls (D:5)
  2 shadow imps (D:5)
  An ufetubus (D:6)
  An adder skeleton (D:5)
  3 worms
  4 dart slugs
  12 orcs
  9 ball pythons
  9 endoplasms
  4 giant cockroaches
  2 goblins (D:3)
  5 hobgoblins
  6 jackals (D:1)
  2 quokkas (D:2)
  6 bats
  5 frilled lizards
  9 kobolds
  4 rats
140 creatures vanquished.

Vanquished Creatures (collateral kills)
  31 foxfires (D:5)
31 creatures vanquished.

Vanquished Creatures (others)
  A quokka (D:5)
  588 foxfires
  2 plants (D:1)
591 creatures vanquished.

Grand Total: 762 creatures vanquished

Notes
Turn   | Place    | Note
-------+----------+-------------------------------------------
     0 | D:1      | karrick the Djinni Fire Elementalist began the quest for
                  | the Orb.
     0 | D:1      | Reached XP level 1. HP: 15/15 MP: 0/0
   126 | D:1      | Reached skill level 3 in Spellcasting
   289 | D:1      | Reached XP level 2. HP: 20/21 MP: 0/0
   904 | D:1      | Reached XP level 3. HP: 9/25 MP: 0/0
   904 | D:1      | Learned a level 1 spell: Apportation
  1645 | D:1      | Found a faded altar of an unknown god.
  1784 | D:2      | Noticed Terence
  1798 | D:2      | Killed Terence
  1799 | D:2      | Reached XP level 4. HP: 21/31 MP: 0/0
  2543 | D:2      | Reached skill level 4 in Spellcasting
  3202 | D:3      | Found an iron altar of Okawaru.
  3208 | D:3      | Became a worshipper of Warmaster Okawaru
  3523 | D:3      | Noticed Natasha
  3537 | D:3      | Killed Natasha
  3538 | D:3      | Reached XP level 5. HP: 22/35 MP: 0/0
  3538 | D:3      | Learned a level 2 spell: Slow
  3693 | D:3      | Found a hide-covered altar of Uskayaw.
  4265 | D:4      | Found a staircase to the Ecumenical Temple.
  4270 | D:4      | Noticed an ogre
  4284 | D:4      | Killed an ogre
  4284 | D:4      | Reached * piety under Okawaru
  4285 | D:4      | Reached XP level 6. HP: 27/40 MP: 0/0
  4291 | Temple   | Entered the Ecumenical Temple
  4954 | D:4      | Reached skill level 5 in Spellcasting
  5567 | D:4      | Reached XP level 7. HP: 41/46 MP: 0/0
  5567 | D:4      | Learned a level 3 spell: Ignite Poison
  5772 | D:5      | Entered Level 5 of the Dungeon
  6096 | D:5      | Found a glowing golden altar of the Shining One.
  6140 | D:5      | Reached ** piety under Okawaru
  6237 | D:5      | Reached skill level 1 in Fighting
  6266 | D:5      | Reached skill level 1 in Short Blades
  6306 | D:5      | Found a transporter.
  6328 | D:5      | Found a runed translucent door.
  6329 | D:5      | Noticed Crazy Yiuf
  6352 | D:5      | Reached skill level 6 in Spellcasting
  6369 | D:5      | Found a transporter.
  6374 | D:5      | Noticed Pikel
  6383 | D:6      | Noticed Sigmund
  6441 | D:6      | Reached XP level 8. HP: 36/52 MP: 0/0
  7051 | D:5      | Found a white marble altar of Elyvilon.
  7066 | D:5      | Reached skill level 7 in Spellcasting
  7128 | D:5      | Found a blossoming altar of Fedhas.
  7155 | D:5      | Reached *** piety under Okawaru
  7299 | D:5      | Noticed a kobold demonologist
  7330 | D:5      | Noticed Menkaure
  7336 | D:5      | Killed Menkaure
  7762 | D:5      | HP: 2/54 [lemure[Pikel] (5)]
  8065 | D:6      | Killed Sigmund
  8066 | D:6      | Reached skill level 5 in Dodging
  8178 | D:6      | Reached XP level 9. HP: 55/58 MP: 0/0
  8178 | D:6      | Learned a level 3 spell: Portal Projectile
  8255 | D:6      | Reached skill level 8 in Spellcasting
  8265 | D:6      | Reached **** piety under Okawaru
  8269 | D:6      | Noticed Eustachio
  8295 | D:6      | Killed Eustachio
  8630 | D:6      | Noticed Duvessa
  9710 | D:5      | Noticed a hellwing
  9712 | D:5      | Killed a kobold demonologist
  9715 | D:5      | Reached skill level 9 in Spellcasting
  9806 | D:5      | Mangled by Crazy Yiuf

Illustrated notes

Levels and vault maps discovered:
D:1:      psy_arrival_conway, layout_basic,
          shapermc_ecumenical_altar_mp_highgroup
D:2:      wander_river, layout_loops_ring, serial_aquarium,
          aquarium_bridge_square [aquarium_subvault_balcony,
          aquarium_subvault_wall, aquarium_subvault_bridge,
          aquarium_subvault_wall], aquarium_window_2,
          aquarium_window_corridor_3, aquarium_window_1, aquarium_window_corner,
          aquarium_view_2c, aquarium_view_2c, aquarium_balcony_1a,
          kennysheep_generic_room_13, uniq_terence
D:3:      layout_loops_ring, okawaru_ov_weapons_minmay,
          lemuel_coloured_pillars_altar, amcnicky_mini_pool_small,
          grunt_decor_arrowhead, saegor_snake_ambush, uniq_natasha
D:4:      layout_loops_ring, lemuel_doored_altar,
          minmay_temple_entry_stoned_glass, st_stairs_6
D:5:      gammafunk_wand_slinger, layout_basic, nicolae_overflow_crystal_walls,
          elyvilon_altar_4, amcnicky_altar_gilded,
          fedhas_bush_and_centaur_altar, uniq_pikel, uniq_crazy_yiuf_cottage,
          uniq_menkaure
D:6:      kennysheep_big_flooded_room, layout_basic, uniq_eustachio,
          uniq_sigmund, uniq_duvessa
Temple:   jpeg_temple_island

Skill      XL: |  1  2  3  4  5  6  7  8  9 |
---------------+----------------------------+-----
Spellcasting   | 3 4 5 6 7 9 |  9.0
Stealth        | 2 3 4 |  4.4
Dodging        | 3 4 5 |  5.4
Fighting       | 1 2 |  2.7
Short Blades   | 1 2 |  2.4

Action                   |  1- 3 |  4- 6 |  7- 9 || total
-------------------------+-------+-------+-------++-------
Melee: Short sword       |     9 |       |       ||     9
       Dagger            |     9 |    48 |    43 ||   100
 Cast: Foxfire           |    56 |   102 |   229 ||   387
       Fireball          |       |       |     6 ||     6
  Use: Scroll            |       |       |     3 ||     3
 Stab: Sleeping          |     1 |     2 |       ||     3
Armor: Robe              |     9 |    20 |     4 ||    33
Dodge: Dodged            |    27 |    50 |    38 ||   115

Table legend: (Time is in decaauts)
 A = Elapsed time spent in this place.
 B = Non-inter-level travel time spent in this place.
 C = Inter-level travel time spent in this place.
 D = Time resting spent in this place.
 E = Time spent auto-exploring this place.
 F = Levels seen in this place.
 G = Mean time per level.
                   A        B        C        D        E       F      G
               +--------+--------+--------+--------+--------+-----+--------+
         Total |   9814 |   9579 |    235 |    493 |   7666 |   7 | 1402.0 |
       Dungeon |   9203 |   9004 |    199 |    493 |   7093 |   6 | 1533.8 |
        Temple |    611 |    575 |     36 |      0 |    573 |   1 |  611.0 |
               +--------+--------+--------+--------+--------+-----+--------+

Top non-repeatable levels by time:
     D:5: 2989 daAuts
     D:1: 1717 daAuts
     D:3: 1279 daAuts
     D:2: 1151 daAuts
     D:6: 1041 daAuts
     D:4: 1022 daAuts
  Temple: 611 daAuts
